TOP OF THE 1ST |
Richland Rails batting - Pitching for Yakima Hops : RHP Elroy Quaid
|
Pitching: RHP Elroy Quaid
|
|
Batting: RHB Hsui-chuan Hong
|
0-0: Fly out, F9 (Flyball, 9S)
|
Batting: LHB Alje de Gast
|
0-0: Called Strike 0-1: Ball 1-1: Ball 2-1: SINGLE (Groundball, 3D)
|
Batting: RHB José Vargas
|
0-0: Ball 1-0: Grounds into double play, 6-4-3 (Groundball, 6M)
|
Top of the 1st over - 0 runs, 1 hit, 0 errors, 0 left on base; Richland 0 - Yakima 0 |
BOTTOM OF THE 1ST |
Yakima Hops batting - Pitching for Richland Rails : RHP Hirohisa Niiya
|
Pitching: RHP Hirohisa Niiya
|
|
Batting: SHB Zack Murphy
|
0-0: Ball 1-0: Called Strike 1-1: Ball 2-1: Ball 3-1: Base on Balls
|
Batting: LHB Gustavo Deleón
|
0-0: Called Strike 0-1: DOUBLE (Flyball, 78D) Zack Murphy to third Runner from 3rd tries for Home, SAFE, no throw
|
Batting: RHB Vonne Navarrete
|
0-0: Ground out 5-3 (Groundball, 56)
|
Batting: RHB Bob Houghton
|
0-0: Ball 1-0: Called Strike Gustavo Deleón steals 3rd base 1-1: SINGLE (Groundball, 4MD) Gustavo Deleón scores
|
Batting: LHB Wulf Paauwe
|
0-0: Ball 1-0: Called Strike 1-1: Ball 2-1: Called Strike 2-2: Ball 3-2: Fly out, F5 (Line Drive, 5) Lined into DP, 5-3 (Line Drive, 5)
|
Bottom of the 1st over - 2 runs, 2 hits, 0 errors, 0 left on base; Richland 0 - Yakima 2 |
TOP OF THE 2ND |
Richland Rails batting - Pitching for Yakima Hops : RHP Elroy Quaid
|
Batting: RHB Luo-lang Li
|
0-0: Ball 1-0: Called Strike 1-1: Ball 2-1: Called Strike 2-2: Foul Ball, location: 2F 2-2: Ball 3-2: Base on Balls
|
Batting: LHB Mike Zaugg
|
0-0: Called Strike 0-1: Ball 1-1: Called Strike 1-2: Foul Ball, location: 2F 1-2: Foul Ball, location: 2F 1-2: Ball 2-2: SINGLE (Line Drive, 89S) Luo-lang Li to second Luo-lang Li to third
|
Batting: RHB Tak-wai Jia
|
0-0: Called Strike 0-1: SINGLE (Line Drive, 56D) Luo-lang Li scores Mike Zaugg to second
|
Batting: LHB Emosi Whiu
|
0-0: Ball 1-0: Called Strike 1-1: Ball Wild Pitch! Mike Zaugg to third Tak-wai Jia to second 2-1: Ball 3-1: DOUBLE (Flyball, 89D) Mike Zaugg scores Tak-wai Jia scores
|
Batting: RHB Frank Simon
|
0-0: Called Strike 0-1: Foul Ball, location: 2F 0-2: Strikes out swinging
|
Batting: RHB Pedro Martínez
|
0-0: Called Strike 0-1: Ground out 6-3 (Groundball, 6)
|
Batting: RHB Hsui-chuan Hong
|
0-0: Called Strike 0-1: Ball 1-1: Ball 2-1: Ball 3-1: Fly out, F9 (Line Drive, 9D)
|
Top of the 2nd over - 3 runs, 3 hits, 0 errors, 1 left on base; Richland 3 - Yakima 2 |
BOTTOM OF THE 2ND |
Yakima Hops batting - Pitching for Richland Rails : RHP Hirohisa Niiya
|
Batting: RHB Lee Scrooby
|
0-0: Ball 1-0: Foul Ball, location: 2F 1-1: Called Strike 1-2: Foul Ball, location: 2F 1-2: Foul Ball, location: 2F 1-2: Foul Ball, location: 2F 1-2: Ball 2-2: DOUBLE (Line Drive, 5D)
|
Batting: LHB Héctor Velázquez
|
0-0: Fly out, F8 (Flyball, 89M)
|
Batting: RHB Carlo Beedle
|
0-0: Ball 1-0: Ground out 5-3 (Groundball, 56S) Lee Scrooby to third
|
Batting: RHB George Hubbard
|
0-0: Ball 1-0: Fly out, F8 (Flyball, 8RS)
|
Bottom of the 2nd over - 0 runs, 1 hit, 0 errors, 1 left on base; Richland 3 - Yakima 2 |
TOP OF THE 3RD |
Richland Rails batting - Pitching for Yakima Hops : RHP Elroy Quaid
|
Batting: LHB Alje de Gast
|
0-0: Ball 1-0: Called Strike 1-1: Ball 2-1: Ball 3-1: SINGLE (Groundball, 56D)
|
Batting: RHB José Vargas
|
0-0: Foul Ball, location: 2F 0-1: Called Strike 0-2: Ball 1-2: Ball 2-2: Reached on error, E6 (Groundball, 6) Alje de Gast to second
|
Batting: RHB Luo-lang Li
|
0-0: Swinging Strike 0-1: Foul Ball, location: 2F 0-2: Strikes out swinging
|
Batting: LHB Mike Zaugg
|
0-0: Fly out, F8 (Flyball, 8LD) Runner from 2nd tags up, OUT at 3rd
|
Top of the 3rd over - 0 runs, 1 hit, 1 error, 1 left on base; Richland 3 - Yakima 2 |
BOTTOM OF THE 3RD |
Yakima Hops batting - Pitching for Richland Rails : RHP Hirohisa Niiya
|
Batting: SHB Zack Murphy
|
0-0: Ball 1-0: Ball 2-0: Ground out 5-3 (Groundball, 56S)
|
Batting: LHB Gustavo Deleón
|
0-0: Foul Ball, location: 2F 0-1: Foul Ball, location: 2F 0-2: Ball 1-2: Ball 2-2: SINGLE (Groundball, 34D)
|
Batting: RHB Vonne Navarrete
|
0-0: SINGLE (Groundball, 56D) Gustavo Deleón to second
|
Batting: RHB Bob Houghton
|
0-0: Ball Gustavo Deleón steals 3rd base 1-0: Grounds into double play, 4-6-3 (Groundball, 4)
|
Bottom of the 3rd over - 0 runs, 2 hits, 0 errors, 1 left on base; Richland 3 - Yakima 2 |
TOP OF THE 4TH |
Richland Rails batting - Pitching for Yakima Hops : RHP Elroy Quaid
|
Batting: RHB Tak-wai Jia
|
0-0: Called Strike 0-1: Fly out, F9 (Flyball, 9S)
|
Batting: LHB Emosi Whiu
|
0-0: Foul Ball, location: 2F 0-1: Ball 1-1: Ball 2-1: Called Strike 2-2: Ball 3-2: Fly out, F7 (Flyball, 7)
|
Batting: RHB Frank Simon
|
0-0: Ball 1-0: Called Strike 1-1: Called Strike 1-2: Strikes out swinging
|
Top of the 4th over - 0 runs, 0 hits, 0 errors, 0 left on base; Richland 3 - Yakima 2 |
BOTTOM OF THE 4TH |
Yakima Hops batting - Pitching for Richland Rails : RHP Hirohisa Niiya
|
Batting: LHB Wulf Paauwe
|
0-0: Called Strike 0-1: Reached on error, E6 (Groundball, 6)
|
Batting: RHB Lee Scrooby
|
0-0: SINGLE (Groundball, 23) (infield hit) Wulf Paauwe to third
|
Batting: LHB Héctor Velázquez
|
0-0: Foul Ball, location: 2F 0-1: Fly out, F7 (Flyball, 7LMF) Runner from 3rd tags up, SCORES, no throw
|
Batting: RHB Carlo Beedle
|
0-0: Ball 1-0: Called Strike 1-1: Ball 2-1: Fly out, F9 (Flyball, 9)
|
Batting: RHB George Hubbard
|
0-0: Ball 1-0: Ball 2-0: Foul Ball, location: 2F 2-1: Ball 3-1: Fielders Choice at 2nd, 6-4 (Groundball, 6)
|
Bottom of the 4th over - 1 run, 1 hit, 1 error, 1 left on base; Richland 3 - Yakima 3 |
TOP OF THE 5TH |
Richland Rails batting - Pitching for Yakima Hops : RHP Elroy Quaid
|
Batting: RHB Pedro Martínez
|
0-0: Called Strike 0-1: Ball 1-1: Called Strike 1-2: Strikes out swinging
|
Batting: RHB Hsui-chuan Hong
|
0-0: Ball 1-0: Foul Ball, location: 2F 1-1: Foul Ball, location: 2F 1-2: Foul Ball, location: 2F 1-2: Ground out 4-3 (Groundball, 4MS)
|
Batting: LHB Alje de Gast
|
0-0: Ball 1-0: Fly out, F7 (Flyball, 78M)
|
Top of the 5th over - 0 runs, 0 hits, 0 errors, 0 left on base; Richland 3 - Yakima 3 |
BOTTOM OF THE 5TH |
Yakima Hops batting - Pitching for Richland Rails : RHP Hirohisa Niiya
|
Batting: SHB Zack Murphy
|
0-0: Called Strike 0-1: Foul Ball, location: 2F 0-2: Strikes out looking
|
Batting: LHB Gustavo Deleón
|
0-0: Ball 1-0: Foul Ball, location: 2F 1-1: Swinging Strike 1-2: Ball 2-2: Strikes out swinging
|
Batting: RHB Vonne Navarrete
|
0-0: Called Strike 0-1: Foul Ball, location: 2F 0-2: Ball 1-2: Ball 2-2: Ground out 5-3 (Groundball, 56)
|
Bottom of the 5th over - 0 runs, 0 hits, 0 errors, 0 left on base; Richland 3 - Yakima 3 |
TOP OF THE 6TH |
Richland Rails batting - Pitching for Yakima Hops : RHP Elroy Quaid
|
Batting: RHB José Vargas
|
0-0: Fly out, F3 (Flyball, 3D)
|
Batting: RHB Luo-lang Li
|
0-0: SINGLE (Groundball, 6MD)
|
Batting: LHB Mike Zaugg
|
0-0: Called Strike 0-1: Fly out, F7 (Flyball, 78S)
|
Batting: RHB Tak-wai Jia
|
0-0: Ball 1-0: Swinging Strike 1-1: Foul Ball, location: 2F 1-2: Strikes out swinging
|
Top of the 6th over - 0 runs, 1 hit, 0 errors, 1 left on base; Richland 3 - Yakima 3 |
BOTTOM OF THE 6TH |
Yakima Hops batting - Pitching for Richland Rails : RHP Hirohisa Niiya
|
Batting: RHB Bob Houghton
|
0-0: SINGLE (Flyball, 8RM)
|
Batting: LHB Wulf Paauwe
|
0-0: Swinging Strike 0-1: Ball Passed Ball! Bob Houghton to second 1-1: Ball 2-1: Ground out 4-3 (Groundball, 34) Bob Houghton to third
|
Pitching: RHP Sammy Harmon
|
|
Batting: RHB Lee Scrooby
|
0-0: Ball 1-0: DOUBLE (Flyball, 89D) Bob Houghton scores
|
Batting: LHB Héctor Velázquez
|
0-0: Fly out, F9 (Flyball, 9LDF) Runner from 2nd tags up, SAFE at 3rd with throw
|
Batting: RHB Carlo Beedle
|
0-0: SINGLE (Flyball, 78S) Lee Scrooby scores
|
Batting: RHB George Hubbard
|
0-0: Ball 1-0: Called Strike 1-1: Swinging Strike 1-2: Ball 2-2: Foul Ball, location: 2F 2-2: Ball 3-2: Base on Balls Carlo Beedle to second
|
Batting: SHB Zack Murphy
|
0-0: Ball 1-0: Called Strike 1-1: Ball Passed Ball! Carlo Beedle to third George Hubbard to second 2-1: Ball 3-1: SINGLE (Flyball, 7LM) Carlo Beedle scores George Hubbard to third Runner from 3rd tries for Home, SAFE, no throw
|
Pitching: RHP Francisco Floreado
|
|
Batting: LHB Gustavo Deleón
|
0-0: Ball 1-0: Swinging Strike 1-1: Fly out, F7 (Flyball, 7)
|
Bottom of the 6th over - 4 runs, 4 hits, 0 errors, 1 left on base; Richland 3 - Yakima 7 |
TOP OF THE 7TH |
Richland Rails batting - Pitching for Yakima Hops : RHP Elroy Quaid
|
Batting: LHB Emosi Whiu
|
0-0: Ball 1-0: Foul Ball, location: 2F 1-1: SOLO HOME RUN (Flyball, 8LD), Distance : 436 ft
|
Batting: RHB Frank Simon
|
0-0: Ball 1-0: Swinging Strike 1-1: Ball 2-1: Foul Ball, location: 2F 2-2: Strikes out swinging
|
Pitching: RHP Justin Furneaux
|
|
Batting: RHB Pedro Martínez
|
0-0: Called Strike 0-1: Called Strike 0-2: Strikes out looking
|
Batting: RHB Hsui-chuan Hong
|
0-0: Ball 1-0: Foul Ball, location: 2F 1-1: Ball 2-1: Ball 3-1: Fly out, F8 (Line Drive, 89M)
|
Top of the 7th over - 1 run, 1 hit, 0 errors, 0 left on base; Richland 4 - Yakima 7 |
BOTTOM OF THE 7TH |
Yakima Hops batting - Pitching for Richland Rails : RHP Francisco Floreado
|
Batting: RHB Vonne Navarrete
|
0-0: Ball 1-0: Foul Ball, location: 2F 1-1: Ball 2-1: Ball 3-1: Fly out, F8 (Flyball, 8LD)
|
Batting: RHB Bob Houghton
|
0-0: Ball 1-0: Ball 2-0: Foul Ball, location: 2F 2-1: Called Strike 2-2: Ground out 4-3 (Groundball, 34)
|
Batting: LHB Wulf Paauwe
|
0-0: Ball 1-0: DOUBLE (Line Drive, 9LM)
|
Batting: RHB Lee Scrooby
|
0-0: Called Strike 0-1: Ball 1-1: Ball 2-1: Ball 3-1: Base on Balls
|
Batting: LHB Héctor Velázquez
|
0-0: Called Strike 0-1: Ball 1-1: Swinging Strike 1-2: Ball 2-2: Strikes out swinging
|
Bottom of the 7th over - 0 runs, 1 hit, 0 errors, 2 left on base; Richland 4 - Yakima 7 |
TOP OF THE 8TH |
Richland Rails batting - Pitching for Yakima Hops : RHP Justin Furneaux
|
Now at 1B: Jeromy Gride
|
|
Batting: LHB Alje de Gast
|
0-0: Ball 1-0: Foul Ball, location: 2F 1-1: Ball 2-1: Fly out, F8 (Flyball, 8LD)
|
Batting: RHB José Vargas
|
0-0: Called Strike 0-1: Ball 1-1: Swinging Strike 1-2: Ground out 5-3 (Groundball, 56)
|
Batting: RHB Luo-lang Li
|
0-0: Fly out, F4 (Flyball, 34D)
|
Top of the 8th over - 0 runs, 0 hits, 0 errors, 0 left on base; Richland 4 - Yakima 7 |
BOTTOM OF THE 8TH |
Yakima Hops batting - Pitching for Richland Rails : RHP Francisco Floreado
|
Batting: RHB Carlo Beedle
|
0-0: Ball 1-0: Foul Ball, location: 2F 1-1: Ball 2-1: Foul Ball, location: 2F 2-2: Fly out, F9 (Flyball, 89D)
|
Batting: RHB George Hubbard
|
0-0: Ball 1-0: Foul Ball, location: 2F 1-1: Fly out, F3 (Popup, 3)
|
Batting: SHB Zack Murphy
|
0-0: Called Strike 0-1: Ball 1-1: Called Strike 1-2: Ball 2-2: Ground out 4-3 (Groundball, 4MS)
|
Bottom of the 8th over - 0 runs, 0 hits, 0 errors, 0 left on base; Richland 4 - Yakima 7 |
TOP OF THE 9TH |
Richland Rails batting - Pitching for Yakima Hops : RHP Justin Furneaux
|
Pitching: RHP Pieter Spitsbaard
|
|
Now at C: Nicholas Seal
|
|
Batting: LHB Mike Zaugg
|
0-0: Foul Ball, location: 2F 0-1: Swinging Strike 0-2: SINGLE (Groundball, 34D)
|
Batting: RHB Tak-wai Jia
|
0-0: Ball 1-0: Called Strike 1-1: Foul Ball, location: 2F 1-2: Ball 2-2: Foul Ball, location: 2F 2-2: Foul Ball, location: 2F 2-2: Ball 3-2: Fly out, F9 (Flyball, 9S)
|
Batting: LHB Emosi Whiu
|
0-0: Called Strike 0-1: Called Strike 0-2: Strikes out swinging
|
Batting: RHB Frank Simon
|
0-0: Ball 1-0: Ball 2-0: Called Strike 2-1: Ball 3-1: Foul Ball, location: 2F 3-2: Foul Ball, location: 2F 3-2: Base on Balls Mike Zaugg to second
|
Batting: RHB Pedro Martínez
|
0-0: Ball 1-0: Called Strike 1-1: Ball 2-1: Called Strike 2-2: Foul Ball, location: 2F 2-2: Fielders Choice at 2nd, U6 (Groundball, 6M)
|
Top of the 9th over - 0 runs, 1 hit, 0 errors, 2 left on base; Richland 4 - Yakima 7 |
|